Map: Purity and Industry LE

Players

bleu - Winner!

  • Race: Zerg Zerg
  • League: Diamond
  • Spawn Location: 12:00

A.I. 1 (Very Easy)

  • Race: Zerg Zerg
  • Spawn Location: 3:00

VOD

Have the link to the VOD?

Description

Time

  • Played on: March 25, 2020, 10:40 p.m.
  • Length: 8:09
Show
View Real Time Build Order
Export as new Build Order

bleu Zerg - Winner!

Build Orders: Hatch First, Muta Ling Bane 

Get SALT Encoding   

  12  0:01  Drone  
  13  0:12  Overlord  
  13  0:17  Drone  
  14  0:31  Drone x2  
  16  0:50  Hatchery  
  16  0:53  Drone  
  16  0:57  Drone  
  16  1:01  Drone  
  18  1:11  Extractor  
  18  1:17  Spawning Pool  
  16  1:20  Drone  
  16  1:23  Drone  
  18  1:28  Drone  
  19  1:39  Drone  
  20  1:50  Overlord  
  20  2:04  Queen x2  
  20  2:05  Zergling x4  
  26  2:11  Drone  
  26  2:13  Drone  
  28  2:19  Metabolic Boost  
  28  2:22  Drone  
  29  2:24  Drone  
  30  2:41  Hatchery  
  29  2:45  Drone  
  29  2:46  Drone  
  31  2:53  Queen  
  31  2:58  Overlord  
  33  3:04  Drone x2  
  35  3:10  Pneumatized Carapace  
  35  3:11  Drone  
  36  3:17  Drone x2  
  36  3:18  Drone  
  36  3:19  Drone  
  40  3:23  Overlord  
  40  3:28  Drone x2  
  40  3:34  Queen  
  42  3:38  Overlord  
  44  3:43  Zergling x4  
  44  3:45  Drone  
  44  3:46  Drone  
  48  3:53  Drone x4  
  52  3:57  Queen  
  52  4:00  Drone  
  52  4:01  Drone  
  52  4:02  Drone  
  57  4:05  Drone  
  57  4:06  Drone  
  57  4:08  Drone  
  57  4:09  Drone  
  61  4:14  Drone  
  61  4:15  Queen  
  64  4:21  Drone x2  
  64  4:22  Overlord  
  64  4:24  Overlord  
  66  4:26  Overlord  
  66  4:30  Lair  
  66  4:35  Evolution Chamber  
  66  4:36  Drone  
  66  4:37  Evolution Chamber  
  65  4:38  Drone  
  65  4:39  Extractor, Drone  
  66  4:46  Drone  
  66  4:48  Drone x2  
  66  4:51  Extractor  
  68  4:56  Drone x3  
  68  4:57  Zergling x2  
  68  4:58  Zergling x12  
  78  5:01  Zerg Melee Weapons Level 1  
  78  5:09  Drone x3  
  81  5:20  Drone x2  
  81  5:21  Drone x3  
  86  5:25  Zergling x8  
  90  5:32  Hatchery  
  90  5:34  Spire  
  90  5:35  Zergling x4  
  90  5:37  Overlord x2  
  90  5:55  Zergling x16  
  98  5:58  Zerg Ground Armor Level 1  
  98  6:01  Baneling Nest  
  97  6:04  Extractor  
  97  6:05  Extractor, Drone x4  
  97  6:06  Extractor  
  99  6:11  Drone  
  99  6:12  Drone  
  99  6:14  Drone x2  
  99  6:15  Drone  
  99  6:16  Zergling x2  
  99  6:17  Zergling x4  
  106  6:26  Overlord  
  106  6:27  Overlord x2  
  106  6:28  Overlord x2  
  106  6:37  Overlord  
  106  6:38  Overlord  
  106  6:44  Zergling x8  
  106  6:45  Centrifical Hooks  
  110  6:47  Mutalisk  
  110  6:48  Mutalisk x3  
  110  6:51  Baneling  
  118  6:59  Queen  
  118  7:01  Zergling x22  
  131  7:13  Drone x4  
  135  7:17  Mutalisk  
  135  7:20  Mutalisk, Queen  
  135  7:21  Mutalisk  
  143  7:30  Mutalisk  
  143  7:34  Zergling x14  
  151  7:43  Zergling x2  
  151  7:44  Zergling x12  
  158  7:46  Baneling  
  158  7:47  Baneling x10  
  161  8:05  Hatchery  
Show
View Real Time Build Order
Export as new Build Order

A.I. 1 (Very Easy) Zerg 

Build Orders: Pool Only 

Get SALT Encoding   

  12  0:01  Drone  
  13  0:12  Overlord  
  13  0:16  Drone  
  14  0:36  Spawning Pool  
  14  0:37  Extractor  
  14  0:40  Drone  
  13  0:47  Drone  
  14  0:53  Overlord  
  14  1:23  Zergling x2  
  14  1:24  Queen  
  17  1:31  Roach Warren  
  16  1:35  Drone  
  17  1:40  Extractor  
  17  1:42  Zergling x2  
  17  1:44  Drone  
  18  1:56  Drone  
  19  2:02  Zergling x2  
  19  2:07  Drone  
  21  2:18  Drone  
  22  2:28  Drone  
  23  2:31  Overlord  
  23  2:35  Drone  
  24  2:43  Drone  
  25  3:47  Zergling x2  
  25  5:52  Drone, Lair  
  26  5:59  Drone  
  27  6:06  Drone  
  28  6:13  Drone  
  28  6:15  Overlord  
  29  6:20  Drone, Zergling x2  
  28  6:45  Zergling x2  
  29  6:53  Overseer x2  
  29  6:55  Spire, Drone  
  29  7:10  Zergling x2  
  27  7:35  Zergling x2  
  27  7:51  Drone  
Tags
 
Add a new tag
Caveats
  • Supply blocks, unpowered buildings, or Contaminate may cause inaccurate times.
  • Supply counts are checked every 10 seconds.